 Dungeon Crawl Stone Soup version 0.29.0-15-g675c0067aa (webtiles) character file.

Game seed: 18198927528944498479

212 Jakudza the Gusty (level 5, -1/28 HPs)
             Began as a Tengu Air Elementalist on Sept 11, 2022.
             Slain by a gnoll sergeant
             ... wielding a +0 spear
              (3 damage)
             ... on level 6 of the Dungeon.
             The game lasted 00:19:06 (4283 turns).

Jakudza the Gusty (Tengu Air Elementalist)          Turns: 4283, Time: 00:19:06

Health: -1/28      AC:  6    Str: 15    XL:     5   Next: 90%
Magic:  7/11       EV: 15    Int: 17    God:
Gold:   180        SH:  0    Dex: 14    Spells: 8/11 levels left

rFire   . . .      SeeInvis +   s - +2 short sword (vamp)
rCold   . . .      Faith    .   (no shield)
rNeg    . . .      Spirit   .   a - +1 robe
rPois   .          Reflect  .   e - +0 hat
rElec   +          Harm     .   c - +2 cloak of the Swamp {rElec Str+6 Stlth+}
rCorr   .          Rampage  .   (no gloves)
Will    .....                   (boots unavailable)
Stlth   +++.......              j - amulet of the acrobat
HPRegen 0.09/turn               o - ring of see invisible
MPRegen 0.12/turn               (no ring)

@: flying quickly and evasively, quick
A: beak, talons 3, nimble flight
a: no special abilities


You were on level 6 of the Dungeon.
You visited 1 branch of the dungeon, and saw 6 of its levels.

You collected 180 gold pieces.

Inventory:

Hand Weapons
 f - a +0 long sword
 s - a +2 vampiric short sword (weapon)
Armour
 a - a +1 robe (worn)
 c - the +2 cloak of the Swamp (worn) {rElec Str+6 Stlth+}
   (You acquired it on level 1 of the Dungeon)

   Str:       It affects your strength (+6).
   rElec:     It insulates you from electricity.
   Stlth:     It makes you more stealthy.
 e - a +0 hat (worn)
Magical Staves
 l - a staff of poison
Jewellery
 j - an amulet of the acrobat (around neck)
 o - a ring of see invisible (left hand)
Wands
 g - a wand of charming (8)
 p - a wand of quicksilver (7)
Scrolls
 d - a scroll of acquirement
Potions
 b - 2 potions of magic
 h - a potion of resistance
 k - a potion of curing {unknown}
 m - 2 potions of haste
 n - a potion of lignification {unknown}
 q - a potion of attraction {unknown}
 r - a potion of flight {unknown}


   Skills:
 + Level 3.2 Dodging
 - Level 2.2 Stealth
 * Level 3.5 Spellcasting
 + Level 3.2 Conjurations
 * Level 5.6 Air Magic


You had 8 spell levels left.
You knew the following spells:

 Your Spells              Type           Power      Damage    Failure   Level
a - Shock                 Conj/Air       72%        1d7       2%          1
b - Static Discharge      Conj/Air       18%        3-6/arc   4%          2

Your spell library contained the following spells:

 Spells                   Type           Power      Damage    Failure   Level
 Swiftness                Air            22%        N/A       4%          3
 Airstrike                Air            11%        2d(2-18)  16%         4
 Necrotise                Necr           12%        1d4       17%         1
 Ensorcelled Hibernation  Hex/Ice        6%         N/A       26%         2
 Passwall                 Tmut/Erth      2%         N/A       26%         2
 Vampiric Draining        Necr           3%         2d6       45%         3
 Agony                    Necr           3%         N/A       99%         5


Dungeon Overview and Level Annotations

Branches:
Dungeon (7/15)
 Temple: D:4-7

Altars:


Innate Abilities, Weirdness & Mutations

You have a beak for a mouth.
You have claws for feet.
Your magical nature lets you fly swiftly and evasively.


Message History

Casting: Shock (safe; 2% risk of failure)
Confirm with . or Enter, or press ? or * to list all spells.
You don't know that spell.
Casting: Shock (safe; 2% risk of failure)
Confirm with . or Enter, or press ? or * to list all spells.
Aiming: Shock (safe; 2% risk of failure)
Press: ? - help, Shift-Dir - straight line The zap hits the gnoll.
The gnoll is severely wounded.
The zap hits the gnoll sergeant.
The gnoll sergeant is lightly wounded.
The zap hits the gnoll.
The gnoll is lightly wounded.
The bullfrog barely misses you. The gnoll sergeant closely misses you.
The gnoll hits you with a +0 whip. The bullfrog barely misses you.
Casting: Shock (safe; 2% risk of failure)
Confirm with . or Enter, or press ? or * to list all spells.
Aiming: Shock (safe; 2% risk of failure)
Press: ? - help, Shift-Dir - straight line, f - gnoll
Aim: a gnoll, wielding a +0 whip (75% to hit)
The zap misses the gnoll.
The zap hits the gnoll sergeant.
The gnoll sergeant is moderately wounded.
The zap hits the gnoll.
The gnoll is heavily wounded.
The zap hits the gnoll.
The gnoll is moderately wounded.
The gnoll sergeant closely misses you. The gnoll hits you with a +0 whip.
* * * LOW HITPOINT WARNING * * *
The bullfrog hits you.
* * * LOW HITPOINT WARNING * * *
It was a potion of haste.
You feel yourself speed up. The bullfrog closely misses you.
The gnoll sergeant misses you. The gnoll misses you. The bullfrog hits you.
* * * LOW HITPOINT WARNING * * *
It was a potion of cancellation.
Your magical effects are unravelling.
You feel magically purged.
You feel yourself slow down.
The gnoll sergeant hits you from afar with a +0 spear.
You die...

..g.#.
###########......
#..........g..g..
..............g#
......gg.....[#
##..g##g#####.#
#...##g#
#####...##g#
#.......'F@#
#####...####
#...# #...# #####


You could see a gnoll sergeant, a bullfrog and 4 gnolls.

Vanquished Creatures
  An orc priest (D:4)
  Jessica (D:3)
  Terence (D:2)
  An orc wizard (D:4)
  3 gnolls
  An adder (D:3)
  A worm (D:2)
  6 orcs
  5 bats
  2 endoplasms
  2 giant cockroaches
  5 hobgoblins
  3 jackals (D:3)
  4 quokkas (D:1)
  5 ball pythons
  4 frilled lizards
  4 goblins
  9 kobolds
  3 rats
61 creatures vanquished.

Vanquished Creatures (others)
  A fungus (D:1)
1 creature vanquished.

Grand Total: 62 creatures vanquished

Notes
Turn   | Place    | Note
-------+----------+-------------------------------------------
     0 | D:1      | Jakudza the Tengu Air Elementalist began the quest for the
                  | Orb.
     0 | D:1      | Reached XP level 1. HP: 10/10 MP: 4/4
    13 | D:1      | Identified a scroll of acquirement
    13 | D:1      | Acquired the +2 cloak of the Swamp {rElec Str+6 Stlth+}
   327 | D:1      | Reached XP level 2. HP: 15/15 MP: 1/6
   651 | D:1      | Found a faded altar of an unknown god.
  1147 | D:2      | Learned a level 2 spell: Static Discharge
  1262 | D:2      | Reached XP level 3. HP: 19/19 MP: 4/7
  1808 | D:2      | Noticed Terence
  1824 | D:2      | Killed Terence
  1849 | D:2      | Reached XP level 4. HP: 14/24 MP: 1/9
  2422 | D:3      | Reached skill level 5 in Air Magic
  2692 | D:3      | Noticed Jessica
  2695 | D:3      | Killed Jessica
  2696 | D:3      | Gained mutation: Your magical nature lets you fly swiftly
                  | and evasively. [Tengu growth]
  2696 | D:3      | Reached XP level 5. HP: 28/28 MP: 6/10
  4070 | D:4      | You are sucked into a shaft and drop 3 floors!
  4283 | D:6      | Slain by a gnoll sergeant

Illustrated notes

Levels and vault maps discovered:
D:1:      dpeg_arrival_water_temple_mockup, layout_basic,
          shapermc_ecumenical_altar_acropolis
D:2:      layout_basic, minmay_pentomino_w2, uniq_terence
D:3:      layout_basic, uniq_jessica
D:4:      layout_rooms, grunt_decor_one_mirror
D:6:      layout_basic, nicolae_ru_the_path_less_chosen,
          lemuel_mausoleum_altar_yredelemnul, minmay_temple_entry_poolview,
          minmay_crystal_room, minmay_misc_feat_nine_boxes
D:7:      minmay_bubble_buster, layout_loops_corners, minmay_unpleasant_kobolds,
          uniq_joseph, uniq_menkaure

Skill      XL: |  1  2  3  4  5 |
---------------+----------------+-----
Conjurations   | 2 3 |  3.2
Air Magic      | 5 |  5.6
Spellcasting   | 3 |  3.5
Dodging        | 3 |  3.2
Stealth        | |  2.2

Action                   |  1- 3 |  4- 6 || total
-------------------------+-------+-------++-------
Melee: Long sword        |     2 |     9 ||    11
       Kick              |       |     3 ||     3
       Short sword       |       |     2 ||     2
       Peck              |       |     2 ||     2
 Fire: Sling             |     1 |       ||     1
 Cast: Shock             |    61 |    91 ||   152
       Static Discharge  |     3 |     3 ||     6
  Use: Scroll            |     8 |     3 ||    11
       Potion            |       |     2 ||     2
Armor: Robe              |     6 |     4 ||    10
Dodge: Dodged            |     6 |    29 ||    35
